Map: Neon Violet Square LE

Players

KhassArt

  • Race: Terran Terran
  • League: Gold
  • Spawn Location: 11:00

CinDra - Winner!

  • Race: Zerg Zerg
  • League: Gold
  • Spawn Location: 5:00

VOD

Have the link to the VOD?

Description

Time

  • Played on: March 6, 2018, 9:11 p.m.
  • Length: 13:05
Show
View Real Time Build Order
Export as new Build Order

KhassArt Terran 

Build Orders: MMM Bio 

Get SALT Encoding   

  12  0:01  SCV  
  13  0:13  SCV  
  14  0:19  Supply Depot  
  14  0:25  SCV  
  15  0:30  Refinery  
  15  0:40  SCV  
  16  0:48  Barracks  
  16  0:52  SCV  
  17  1:00  Refinery  
  17  1:04  SCV  
  17  1:11  Supply Depot  
  18  1:28  SCV  
  19  1:40  SCV  
  19  1:45  Barracks Reactor  
  20  1:48  Barracks  
  20  1:54  Engineering Bay  
  20  2:00  SCV  
  21  2:14  Orbital Command  
  21  2:21  Marine x2  
  23  2:31  Bunker  
  23  2:37  Barracks Reactor  
  23  2:41  SCV  
  23  2:42  Marine  
  25  2:44  Marine  
  26  3:00  Marine  
  26  3:02  Marine  
  28  3:11  Sensor Tower  
  28  3:13  SCV  
  28  3:15  Marine  
  28  3:16  Marine  
  31  3:25  SCV  
  31  3:26  Missile Turret  
  32  3:40  Missile Turret  
  32  3:51  Factory  
  32  3:53  Marine x3  
  32  3:54  Marine  
  36  4:12  Barracks  
  36  4:30  Hi-Sec Auto Tracking  
  36  4:34  Factory Tech Lab  
  36  4:43  Starport  
  36  4:51  Missile Turret  
  36  4:57  Siege Tank  
  36  4:59  Barracks Tech Lab  
  39  5:24  Starport Reactor  
  39  5:26  Starport  
  39  5:29  Factory, Siege Tank  
  39  5:31  Stimpack  
  42  5:52  Marine  
  42  5:53  Marine x2  
  45  6:01  Terran Infantry Weapons Level 1  
  45  6:07  Starport Reactor  
  45  6:20  Factory Tech Lab  
  45  6:23  Command Center  
  45  6:45  Supply Depot  
  45  6:46  Medivac  
  47  6:50  Liberator  
  47  6:51  Supply Depot  
  50  7:08  Supply Depot  
  50  7:14  Supply Depot  
  50  7:17  Medivac  
  52  7:31  Combat Shields  
  52  7:45  SCV  
  53  7:52  Supply Depot  
  53  7:57  SCV  
  54  8:09  SCV  
  55  8:21  SCV  
  56  8:28  Refinery, Terran Infantry Armor Level 1  
  56  8:30  Refinery  
  56  8:34  Armory  
  56  8:39  Supply Depot  
  56  8:54  Orbital Command, Missile Turret  
  56  9:13  Siege Tank  
  56  9:14  Siege Tank  
  56  9:15  Command Center  
  62  9:38  Liberator  
  62  9:39  Liberator  
  62  9:40  Liberator  
  62  9:42  Liberator  
  62  9:44  Missile Turret  
  62  9:49  Terran Ship Weapons Level 1  
  74  10:29  Missile Turret  
  68  10:49  Missile Turret  
  68  10:55  Sensor Tower  
  68  10:56  SCV  
  69  11:02  Missile Turret  
  69  11:08  SCV  
  51  11:29  Marine x4  
  51  11:30  Marine  
  52  11:48  Marine  
  53  11:56  Missile Turret  
  53  11:58  Marine x2  
  53  11:59  Marine x2  
  57  12:06  Marine  
  58  12:16  Marine x2  
  58  12:20  Marine  
  58  12:21  Marine  
  62  12:24  Siege Tank  
  62  12:25  Siege Tank  
  62  12:26  Command Center  
  68  12:41  Marine  
  68  12:42  Marine x2  
  68  12:43  Marine  
Show
View Real Time Build Order
Export as new Build Order

CinDra Zerg - Winner!

Build Orders: Hatch First, Muta Ling Bane 

Get SALT Encoding   

  12  0:01  Drone  
  13  0:13  Overlord  
  13  0:18  Drone  
  14  0:31  Drone x2  
  14  0:35  Drone  
  17  0:56  Hatchery, Drone  
  17  1:02  Drone  
  18  1:07  Extractor  
  17  1:17  Spawning Pool  
  16  1:20  Drone  
  16  1:23  Drone  
  18  1:31  Drone  
  19  1:41  Drone  
  20  1:49  Overlord  
  20  2:04  Queen  
  22  2:08  Zergling x2  
  22  2:09  Zergling x2, Queen  
  26  2:17  Metabolic Boost  
  26  2:19  Drone x2  
  28  2:23  Zergling x2  
  29  2:33  Drone x2  
  31  2:47  Drone x2  
  33  3:01  Queen  
  33  3:04  Overlord  
  35  3:07  Hatchery  
  35  3:08  Drone  
  35  3:15  Baneling Nest  
  35  3:17  Drone  
  35  3:21  Drone  
  35  3:23  Overlord  
  36  3:34  Zergling x8  
  37  3:36  Drone  
  37  3:40  Extractor  
  40  3:50  Zergling x8  
  44  3:59  Lair  
  44  4:01  Drone x3  
  47  4:04  Drone  
  48  4:19  Drone  
  48  4:20  Queen, Drone  
  48  4:23  Overlord  
  52  4:27  Overlord  
  52  4:31  Baneling x3  
  52  4:32  Baneling  
  52  4:33  Baneling  
  52  4:34  Baneling  
  52  4:36  Drone  
  53  4:48  Drone  
  53  4:49  Drone x5  
  59  5:03  Centrifical Hooks  
  59  5:05  Evolution Chamber  
  59  5:06  Evolution Chamber, Drone x2  
  59  5:08  Drone  
  59  5:09  Drone  
  61  5:35  Zerg Ground Armor Level 1, Zerg Melee Weapons Level 1  
  50  5:59  Drone  
  51  6:05  Drone x2  
  51  6:06  Drone x3  
  51  6:09  Spire  
  55  6:19  Extractor  
  55  6:22  Extractor  
  55  6:23  Zergling x2  
  55  6:24  Zergling x28, Extractor  
  67  6:28  Extractor  
  66  6:50  Drone, Overlord x2  
  66  6:51  Overlord x2, Drone x7  
  74  7:22  Mutalisk x4, Zerg Flyer Weapons Level 1  
  76  7:27  Zergling x6  
  76  7:28  Zergling x16  
  93  7:36  Hatchery  
  93  7:37  Drone  
  93  7:50  Hatchery  
  92  8:10  Drone  
  92  8:11  Drone x3  
  92  8:12  Drone x9  
  105  8:34  Overlord x11  
  105  8:37  Zerg Melee Weapons Level 2  
  105  8:38  Zerg Ground Armor Level 2  
  105  8:40  Pneumatized Carapace  
  105  8:49  Baneling x4  
  105  8:50  Baneling x5  
  105  8:51  Mutalisk x4, Baneling x3  
  113  8:57  Queen  
  113  9:02  Mutalisk  
  117  9:04  Zergling x2  
  117  9:05  Zergling x18  
  117  9:09  Drone  
  128  9:10  Drone  
  129  9:19  Drone  
  129  9:20  Drone x4  
  129  9:22  Mutalisk x2  
  138  9:32  Mutalisk x3  
  144  9:38  Extractor  
  144  9:40  Extractor  
  144  9:43  Drone x12  
  144  9:45  Drone x2  
  156  10:31  Spore Crawler x2  
  156  10:32  Spore Crawler x2  
  156  10:34  Spore Crawler x2  
  146  10:38  Mutalisk  
  146  10:39  Mutalisk x12  
  154  10:59  Mutalisk  
  154  11:00  Mutalisk x4  
  154  11:01  Zergling x2  
  154  11:02  Zergling x14  
  139  11:26  Mutalisk  
  139  11:27  Mutalisk x4  
  139  11:28  Mutalisk  
  139  11:29  Zergling x2  
  139  11:30  Zergling x26  
  162  11:54  Hydralisk Den  
  161  12:00  Infestation Pit, Mutalisk  
  162  12:01  Mutalisk  
  162  12:03  Zergling x2  
  162  12:04  Zergling x18  
  174  12:15  Mutalisk  
  174  12:16  Mutalisk x3  
  182  12:28  Mutalisk  
  182  12:29  Mutalisk  
  186  12:30  Zergling x2  
  186  12:31  Zergling x24  
Tags
 
Add a new tag
Caveats
  • Supply blocks, unpowered buildings, or Contaminate may cause inaccurate times.
  • Supply counts are checked every 10 seconds.